 Dungeon Crawl Stone Soup version 0.16-a0-3197-g5046a99 (webtiles) character file.

58 Chiseanne the Charmwright (level 4, -1/27 HPs)
             Began as a Gargoyle Skald on Dec 18, 2014.
             Slain by Sigmund
             ... wielding a +0 scythe
              (10 damage)
             ... on level 2 of the Dungeon.
             The game lasted 00:03:56 (1870 turns).

Chiseanne the Charmwright (Gargoyle Skald)          Turns: 1870, Time: 00:03:57

Health: -1/27      AC:  7    Str: 15    XL:     4   Next: 1%
Magic:  1/8        EV: 11    Int: 13    God:
Gold:   91         SH:  0    Dex: 10    Spells: 3 memorised, 3 levels left

rFire  . . .     SeeInvis .     a - +0 hand axe
rCold  . . .     Clarity  .     b - +1 leather armour
rNeg   + . .     SustAb   .     (no shield)
rPois  ∞         Gourm    .     (no helmet)
rElec  +         Spirit   .     (no cloak)
rCorr  .         Warding  .     (no gloves)
rMut   .         Stasis   .     (no boots)
MR     .....                    (no amulet)
Stlth  ..........               (no ring)
                                (no ring)

@: confused, infused (expiring), very slightly contaminated, not resistant to
hostile enchantments, extremely unstealthy
A: negative energy resistance 1, electricity resistance, unbreathing,
petrification resistance, rot immunity, AC +3
a: no special abilities


You were on level 2 of the Dungeon.
You were hungry.

You visited 1 branch of the dungeon, and saw 2 of its levels.

You collected 91 gold pieces.

Inventory:

Hand weapons
 a - a +0 hand axe (weapon)
Missiles
 j - 16 silver sling bullets
Armour
 b - a +1 leather armour (worn)
Scrolls
 h - a scroll of amnesia
Potions
 e - a potion of curing
 g - a potion of haste
Books
 c - a book of Battle

   Spells                             Type                      Level
   a - Infusion                       Charms                       1
   b - Shroud of Golubria             Charms/Translocation         2
   c - Song of Slaying                Charms                       2
   d - Spectral Weapon                Hexes/Charms                 3
   e - Regeneration                   Charms/Necromancy            3
Comestibles
 d - 2 bread rations


   Skills:
 * Level 2.6 Fighting
 - Level 1.7 Axes
 * Level 2.0 Armour
 - Level 0.7 Dodging
 * Level 2.5 Spellcasting
 * Level 3.3 Charms


You had 3 spell levels left.
You knew the following spells:

 Your Spells              Type           Power        Failure   Level  Hunger
a - Infusion              Chrm           ##....       8%          1    #......
b - Song of Slaying       Chrm           ##......     10%         2    ###....
c - Shroud of Golubria    Chrm/Tloc      #.........   21%         2    ###....


Dungeon Overview and Level Annotations

Branches:
Dungeon (2/15)

Altars:

Annotations:
D:2 Sigmund


Innate Abilities, Weirdness & Mutations

You are resistant to torment.
You are immune to poison.
Your stone body is very resilient (AC +3).
You resist negative energy.
You are resistant to electric shocks.
You can survive without breathing.
You are immune to petrification.
You are immune to rotting.


Message History

Sigmund barely misses you.
You hit Sigmund.
Sigmund is almost dead.
Your magical infusion is running out.
Sigmund mumbles some strange words.
Sigmund flickers and vanishes!
Deactivating autopickup; reactivate with Ctrl-A.
You closely miss something.
You hear some strange, mumbled words.
The magic dart hits you! Something hits you but does no damage.
You closely miss something.
You hear some strange, mumbled words.
You are confused.
You barely miss something.
Your shroud bends its attack away!
You hear some strange, mumbled words.
The magic dart hits you!
* * * LOW HITPOINT WARNING * * *
Your shroud unravels.
Something hits you!
You die...

#
#.##..########
#.#
#.##..#########
#.#
#.##..........<
...
..#..#########.
### # ##.#.## #
#.##(.#.#
.......#.#
###.##..#.#
.......<.@.#
###.##..###
#.{# #..# #.>.
.... ######


There were no monsters in sight!

Vanquished Creatures
  Jessica (D:2)
  A worm (D:2)
  4 giant cockroaches
  3 goblins (D:1)
  A hobgoblin (D:2)
  4 jackals (D:2)
  4 kobolds
  5 quokkas
  2 bats (D:1)
  6 rats
31 creatures vanquished.

Notes
Turn   | Place    | Note
--------------------------------------------------------------
     0 | D:1      | Chiseanne, the Gargoyle Skald, began the quest for the Orb.
     0 | D:1      | Reached XP level 1. HP: 12/12 MP: 3/3
   330 | D:1      | Reached XP level 2. HP: 17/17 MP: 4/4
   466 | D:1      | Learned a level 2 spell: Song of Slaying
   469 | D:1      | Learned a level 2 spell: Shroud of Golubria
   607 | D:1      | Reached skill level 3 in Charms
  1297 | D:2      | Reached XP level 3. HP: 18/22 MP: 0/6
  1740 | D:2      | Noticed Jessica
  1786 | D:2      | Killed Jessica
  1786 | D:2      | Reached XP level 4. HP: 15/27 MP: 1/8
  1854 | D:2      | Noticed Sigmund
  1870 | D:2      | Slain by Sigmund

Action                   |  1- 3 |  4- 6 || total
-------------------------+-------+-------++-------
Melee: Hand axe          |   130 |     8 ||   138
 Cast: Infusion          |     6 |     1 ||     7
       Song of Slaying   |     4 |       ||     4
       Shroud of Golubri |       |     2 ||     2
  Use: Scroll            |     7 |       ||     7
       Potion            |       |     1 ||     1
  Eat: Chunk             |     3 |       ||     3
